 Dungeon Crawl Stone Soup version 0.31-a0-233-g139696dc86 (webtiles) character file.

Game seed: 9945455518840075918

57 qw the Shooter (level 4, 0/26 HPs)
             Began as a Gargoyle Hexslinger on July 8, 2023.
             Killed from afar by an orc (12 damage)
             ... with an iceblast
             ... on level 3 of the Dungeon.
             The game lasted 00:00:38 (1579 turns).

qw the Shooter (Gargoyle Hexslinger)                Turns: 1579, Time: 00:00:38

Health: 0/26       AC:  7    Str: 11    XL:     4   Next: 0%
Magic:  5/5        EV: 11    Int: 14    God:
Gold:   47         SH:  0    Dex: 14    Spells: 4/5 levels left

rFire   . . .        Y - +1 sling
rCold   . . .        (no shield)
rNeg    + . .        k - +0 leather armour
rPois   inf          (no helmet)
rElec   +            (no cloak)
rCorr   .            d - +0 pair of gloves
SInv    .            (no boots)
Will    .....        (no amulet)
Stlth   +            (no ring)
HPRegen 0.24/turn    (no ring)
MPRegen 0.09/turn

%: no passive effects
@: no status effects
A: sickness immunity, AC +3, negative energy resistance 1, electricity
resistance, torment resistance 1, petrification resistance
a: no special abilities


You were on level 3 of the Dungeon.
You visited 1 branch of the dungeon, and saw 3 of its levels.

You collected 103 gold pieces.
You spent 56 gold pieces at shops.


Innate Abilities, Weirdness & Mutations

You are immune to sickness and miasma.
Your stone body is resilient. (AC +3)
You are immune to poison.
You resist negative energy. (rN+)
You are resistant to electric shocks. (rElec)
You are resistant to unholy torment.
You are immune to petrification.


   Skills:
 - Level 2.0 Fighting
 + Level 3.8 Ranged Weapons
 - Level 1.5 Dodging
 - Level 1.0 Spellcasting
 - Level 2.6 Hexes


You had 4 spell levels left.
You knew the following spells:

 Your Spells              Type           Power      Damage    Failure   Level
a - Slow                  Hex            32%        N/A       12%         1

Your spell library contained the following spells:

 Spells                   Type           Power      Damage    Failure   Level
 Inner Flame              Hex/Fire       4%         N/A       52%         3
 Portal Projectile        Hex/Tloc       8%         N/A       52%         3
 Cause Fear               Hex            4%         N/A       75%         4

Inventory:

Hand Weapons
 Y - a +1 sling (weapon)
Armour
 d - a +0 pair of gloves (worn)
 k - a +0 leather armour (worn)
Scrolls
 f - 2 scrolls of identify
Potions
 a - a potion of haste {unknown}
 e - a potion of might
 i - a potion of curing

Dungeon Overview and Level Annotations

Branches:
Dungeon (3/15)

Altars:

Shops:
D:1 ?   D:2 ?


Message History

The orc is heavily wounded.
You shoot a sling bullet.
The sling bullet hits the orc but does no damage.
The orc is heavily wounded.
You shoot a sling bullet. The sling bullet barely misses the orc.
You shoot a sling bullet. The sling bullet hits the orc.
You kill the orc!
A worm comes into view.
Enter note:
Enter note: You shoot a sling bullet.
The sling bullet hits the worm.
The worm is moderately wounded.
You shoot a sling bullet. The sling bullet hits the worm.
The worm is heavily wounded.
You shoot a sling bullet.
The sling bullet hits the worm but does no damage.
The worm is heavily wounded.
You shoot a sling bullet. The sling bullet hits the worm.
The worm is almost dead.
You shoot a sling bullet. The sling bullet hits the worm.
The worm is almost dead.
You shoot a sling bullet. The sling bullet hits the worm.
You kill the worm!
An orc comes into view.
It is wielding a +0 hand axe and carrying a wand of iceblast (6).
You have reached level 4!
You feel clever.
You shoot a sling bullet. The sling bullet barely misses the orc.
The orc shouts!
You shoot a sling bullet.
The sling bullet closely misses the orc.
The orc zaps a wand.
The mass of ice explodes!
The iceblast engulfs you!
Ouch! That really hurt!
You shoot a sling bullet. The sling bullet hits the orc.
The orc is moderately wounded.
A giant cockroach comes into view.
The orc throws a stone.
The stone barely misses you.
You shoot a sling bullet. The sling bullet hits the orc.
The orc is almost dead.
An endoplasm comes into view.
The orc zaps a wand.
The mass of ice explodes!
The iceblast engulfs you!
You die...

..%.###..#######.#
#......## #.#
#...####..## #.# ..
..####..#####.###..
#..................
#######.....#.## ..
#####.#.###....
#...........
#...#@####..
.JBo..>..)......
#####.........##
#..[......#
#.........#
#.........#
#.........#
#.........#


You could see an orc, an endoplasm and a giant cockroach.

Vanquished Creatures
  A worm (D:3)
  2 orcs (D:3)
  4 endoplasms
  4 goblins
  11 hobgoblins
  A quokka (D:2)
  5 ball pythons
  5 bats
  4 frilled lizards
  6 kobolds
  6 rats
49 creatures vanquished.

Notes
Turn   | Place    | Note
-------+----------+-------------------------------------------
     0 | D:1      | qw the Gargoyle Hexslinger began the quest for the Orb.
     0 | D:1      | Reached XP level 1. HP: 12/12 MP: 2/2
     0 | D:1      | 0 ||| qw: Version: 0.3-a-46-gb1f654a
     0 | D:1      | 0 ||| qw: Game counter: 3604
     0 | D:1      | 0 ||| qw: Melee chars always use a shield: true
     0 | D:1      | 0 ||| qw: God list: Okawaru
     0 | D:1      | 0 ||| qw: Allow faded altars: false
     0 | D:1      | 0 ||| qw: Do Orc after clearing Dungeon:15 true
     0 | D:1      | 0 ||| qw: Do second Lair branch before Depths: true
     0 | D:1      | 0 ||| qw: Lair rune preference: random
     0 | D:1      | 0 ||| qw: Goals: Normal
     0 | D:1      | 0 ||| PLANNING D:1-11
   188 | D:1      | Reached XP level 2. HP: 16/16 MP: 3/3
   247 | D:1      | Found Toarilat's Magic Scroll Boutique.
   253 | D:1      | 253 ||| SHOPLISTING scroll of enchant weapon (105 gold,
                  | have 30).
   253 | D:1      | 253 ||| BUYING scroll of identify (28 gold).
   253 | D:1      | Bought a scroll of identify for 28 gold pieces
   253 | D:1      | 253 ||| SHOPLISTING scroll of identify (28 gold, have 2).
   253 | D:1      | 253 ||| SHOPLISTING scroll of teleportation (42 gold, have
                  | 2).
   272 | D:1      | Reached skill level 3 in Ranged Weapons
   661 | D:1      | 661 ||| UPGRADING to +0 pair of gloves.
   666 | D:1      | 666 ||| READING scroll labelled VEUVAD XIWNY.
   767 | D:1      | 767 ||| READING scroll labelled VAHILO LOCHE.
   768 | D:1      | 768 ||| READING scroll labelled ZOSMIKL LOEGATH.
   769 | D:1      | 769 ||| READING 2 scrolls of identify.
   769 | D:1      | 769 ||| IDENTIFYING coppery potion
   770 | D:1      | 770 ||| DROPPING scroll of poison.
   792 | D:2      | Found Nuilloal's Magic Scroll Shoppe.
   797 | D:2      | 797 ||| SHOPLISTING 2 scrolls of identify (56 gold, have
                  | 33).
   797 | D:2      | 797 ||| BUYING scroll of identify (28 gold).
   797 | D:2      | Bought a scroll of identify for 28 gold pieces
   797 | D:2      | 797 ||| SHOPLISTING scroll of identify (28 gold, have 5).
   805 | D:2      | Reached XP level 3. HP: 21/21 MP: 4/4
  1285 | D:2      | 1285 ||| DROPPING scarf of shadows.
  1286 | D:2      | 1286 ||| UPGRADING to +0 leather armour.
  1296 | D:2      | 1296 ||| DROPPING +0 robe.
  1297 | D:2      | 1297 ||| READING scroll labelled ITWEMP GEUC.
  1298 | D:2      | 1298 ||| READING scroll labelled FOYSID ZYLU.
  1301 | D:2      | 1301 ||| READING 5 scrolls of identify.
  1301 | D:2      | 1301 ||| IDENTIFYING glowing white potion
  1302 | D:2      | 1302 ||| READING 4 scrolls of identify.
  1302 | D:2      | 1302 ||| IDENTIFYING golden potion
  1303 | D:2      | 1303 ||| READING 3 scrolls of identify.
  1303 | D:2      | 1303 ||| IDENTIFYING white potion
  1304 | D:2      | 1304 ||| DROPPING potion of attraction.
  1305 | D:2      | 1305 ||| DROPPING potion of ambrosia.
  1576 | D:3      | Reached XP level 4. HP: 26/26 MP: 5/5
  1579 | D:3      | Killed from afar by an orc

Levels and vault maps discovered:
D:1:      dpeg_arrival_rooms_c, layout_basic, serial_shops,
          nicolae_shop_tiny_real_fake_doors, hangedman_decor_points
D:2:      layout_basic, serial_shops, nicolae_shop_hallway_plus,
          nrook_mini_vaults, eino_curves_02, small_statue_intersection
D:3:      layout_rooms, grunt_ministairs_14

Skill      XL: |  1  2 |
---------------+-------+-----
Ranged Weapons | 3 |  3.8
Fighting       | 2 |  2.0
Dodging        | |  1.5
Spellcasting   | |  1.0
Hexes          | |  2.6

Action                     |  1- 3 |  4- 6 || total
---------------------------+-------+-------++-------
   Fire: Sling             |   136 |     4 ||   140
    Use: Scroll            |     9 |       ||     9
 Armour: Robe              |    11 |       ||    11
         Leather armour    |     3 |       ||     3
  Dodge: Dodged            |    35 |     1 ||    36

Table legend:
 A = Non-vault XP
 B = Vault XP
 C = Vault XP percentage of total XP
 D = Non-vault monster count
 E = Vault monster count
 F = Vault count percentage of total count
                 A         B        C        D         E       F
            +---------+---------+-------+---------+---------+-------
      Total |      80 |       2 |   2.4 |      47 |       2 |   4.1
            +---------+---------+-------+---------+---------+-------
        D:1 |      32 |       0 |   0.0 |      22 |       0 |   0.0
        D:2 |      26 |       0 |   0.0 |      16 |       0 |   0.0
        D:3 |      22 |       2 |   8.3 |       9 |       2 |  18.2
            +---------+---------+-------+---------+---------+-------
